 Dungeon Crawl Stone Soup version 0.25-a0-576-g50b708a4c4 (webtiles) character file.

Game seed: 16528777786845603745, levelgen mode: classic

26568 EnegeticOcto the Champion of Chaos (level 12, -1/118 HPs)
             Began as a Deep Dwarf Fighter on Mar 1, 2020.
             Was the Champion of Makhleb.
             Succumbed to a killer bee's poison
             ... on level 13 of the Dungeon.
             The game lasted 00:08:39 (9094 turns).

EnegeticOcto the Champion of Chaos (DDFi)           Turns: 9094, Time: 00:08:39

Health: -1/118     AC: 14    Str: 25    XL:     12   Next: 99%
Magic:  7/7        EV:  3    Int:  9    God:    Makhleb [******]
Gold:   860        SH:  9    Dex: 12    Spells: 11/11 levels left

rFire    . . .     SeeInvis .   u - +0 war axe (freeze)
rCold    . . .     Gourm    .   c - +1 kite shield
rNeg     . . .     Faith    .   r - +0 plate armour
rPois    +         Spirit   .   D - +1 hat
rElec    .         Reflect  .   w - +2 cloak
rCorr    .         Harm     .   (no gloves)
MR       +....                  (no boots)
Stlth    ..........             (no amulet)
HPRegen  0.00/turn              q - ring of poison resistance
MPRegen  0.10/turn              (no ring)

@: lethally poisoned (-1 -> -16), non-regenerating, extremely drained
A: damage resistance, heal wounds, sense surroundings 2, no regeneration
a: Heal Wounds, Minor Destruction, Lesser Servant of Makhleb, Major Destruction,
Greater Servant of Makhleb, Renounce Religion


You were on level 13 of the Dungeon.
You worshipped Makhleb.
Makhleb was exalted by your worship.
You were not hungry.

You visited 2 branches of the dungeon, and saw 14 of its levels.
You also visited: Sewer.

You collected 860 gold pieces.

Inventory:

Hand Weapons
 u - a +0 war axe of freezing (weapon)
Armour
 a - a scarf of cloud immunity
 c - a +1 kite shield (worn)
 j - a +2 pair of gloves
 r - a +0 plate armour (worn)
 w - a +2 cloak (worn)
 D - a +1 hat (worn)
 E - a +0 pair of gloves
Jewellery
 q - a ring of poison resistance (left hand)
Wands
 b - a wand of iceblast (11)
 m - a wand of digging (4) {@v2}
 y - a wand of clouds (4)
 F - a wand of polymorph (2)
Scrolls
 d - 3 scrolls of immolation {@r4}
 f - 3 scrolls of teleportation {@r2}
 g - 2 scrolls of magic mapping {@r5}
 h - 5 scrolls of remove curse {@r6}
 o - 3 scrolls of enchant weapon
 v - 5 scrolls of blinking {@r3}
Potions
 i - 2 potions of lignification {@q7}
 k - a potion of might {@q3}
 l - 5 potions of curing {@q1}
 n - 2 potions of haste {@q4}
 t - a potion of ambrosia
 x - a potion of berserk rage {unknown}
 z - a potion of mutation
 A - a potion of brilliance {unknown}
 B - 2 potions of heal wounds {@q2}
Miscellaneous
 s - a lightning rod (1/4)
 C - a lamp of fire (inert)
Comestibles
 e - 11 rations


   Skills:
 * Level 10.8(0.0) Fighting
 * Level 12.3(0.0) Axes
 + Level 9.3(0.0) Armour
 + Level 9.3(0.0) Shields
 * Level 13.4(0.0) Invocations


You had 11 spell levels left.
You didn't know any spells.
Your spell library was empty.

Dungeon Overview and Level Annotations

Branches:
Dungeon (13/15)            Temple (1/1) D:4            Lair (0/6) D:11
    Orc (0/2) D:12          Sewer (visited)
 Vaults: D:13-14

Altars:
Ashenzari
Cheibriados
Elyvilon
Fedhas
Gozag
Hepliaklqana
Kikubaaqudgha
Makhleb
Nemelex Xobeh
Sif Muna
Trog
Vehumet
Wu Jian
Yredelemnul
Zin

Annotations:
D:6 1 runed translucent door, Flugslaktarn's ghost, novice DDFi
D:8 2 transporters, 1 exclusion


Innate Abilities, Weirdness & Mutations

You are resistant to damage.
You can heal yourself by infusing magical energy.
You passively map the area around you.
You do not regenerate.


Message History

The killer bee stings you!
You are more poisoned.
The killer bee poisons you!
The killer bee stings you but does no damage. x3
You block the killer bee's attack.
The killer bee stings you but does no damage.
The killer bee stings you!
The killer bee stings you but does no damage.
You miss the killer bee. x4
The killer bee stings you but does no damage. x3
You block the killer bee's attack. The killer bee stings you.
You are more poisoned.
The killer bee poisons you! You block the killer bee's attack.
The killer bee stings you but does no damage. x2
The killer bee stings you. The killer bee completely misses you.
The killer bee stings you but does no damage. x2
You closely miss the killer bee. x4; You feel sick.
You block the killer bee's attack. The killer bee stings you.
The killer bee stings you but does no damage. x2
The killer bee completely misses you. You block the killer bee's attack. x2
The killer bee stings you but does no damage.
The killer bee stings you.
The killer bee stings you but does no damage.
The killer bee stings you!
You are more poisoned.
The killer bee poisons you! You block the killer bee's attack.
You miss the killer bee. You closely miss the killer bee. x3
You feel very sick. The killer bee stings you.
The killer bee stings you but does no damage.
The killer bee stings you!
The killer bee stings you but does no damage.
You block the killer bee's attack. The killer bee stings you!
* * * LOW HITPOINT WARNING * * *
You block the killer bee's attack.
The killer bee completely misses you. x2
The killer bee stings you but does no damage.
The killer bee stings you. The killer bee barely misses you.
The killer bee stings you but does no damage.
Your plate armour prevents you from hitting the killer bee.
You closely miss the killer bee.
You miss the killer bee. x2; You feel sick.
The killer bee stings you.
* * * LOW HITPOINT WARNING * * *
The killer bee stings you.
The killer bee stings you but does no damage.
You block the killer bee's attack. x2
The killer bee stings you but does no damage. x2
The killer bee stings you.
* * * LOW HITPOINT WARNING * * *
You are more poisoned.
The killer bee poisons you! The killer bee barely misses you.
The killer bee completely misses you.
The killer bee stings you but does no damage.
The killer bee stings you!
* * * LOW HITPOINT WARNING * * *
You closely miss the killer bee. x2
Your plate armour prevents you from hitting the killer bee.
You barely miss the killer bee.
You feel very sick.
The killer bee stings you but does no damage. x2
You block the killer bee's attack.
The killer bee stings you but does no damage.
The killer bee stings you.
* * * LOW HITPOINT WARNING * * *
The killer bee stings you.
You are more poisoned.
The killer bee poisons you! The killer bee stings you.
* * * LOW HITPOINT WARNING * * *
You block the killer bee's attack. x2; The killer bee stings you.
The killer bee barely misses you.
The killer bee stings you but does no damage. x4
Your shield and plate armour prevent you from hitting the killer bee.
You closely miss the killer bee. x2; You hit the killer bee.
You freeze the killer bee.
You feel very sick. You block the killer bee's attack.
The killer bee barely misses you. The killer bee stings you.
The killer bee stings you but does no damage.
The killer bee stings you.
The killer bee stings you but does no damage. x2
You block the killer bee's attack. The killer bee barely misses you.
You block the killer bee's attack.
The killer bee stings you but does no damage. x2
You closely miss the killer bee. You miss the killer bee.
Your shield and plate armour prevent you from hitting the killer bee.
You closely miss the killer bee.
You feel very sick. The killer bee barely misses you.
You block the killer bee's attack. x2
The killer bee stings you but does no damage.
The killer bee stings you.
* * * LOW HITPOINT WARNING * * *
The killer bee stings you but does no damage.
The killer bee stings you.
* * * LOW HITPOINT WARNING * * *
You are more poisoned.
The killer bee poisons you! You block the killer bee's attack.
The killer bee stings you but does no damage. x3
The killer bee stings you.
You miss the killer bee. You closely miss the killer bee.
You miss the killer bee. x2
You die...

#)(#.#..### , , , *,, #..>#
...#...##.#,, , , * #...#
.#.#..##..#, , *** * ,#.#.#
...#[##..########* * , #.#.#
#..###..###.. ..## **..#.#
##.....###..###..##* , ,
..##.. ,###.####.#.....#.## *
..#*##. ,##.## #...##.##yy.# ,
8#..* #. ,#.## ##.#)#)).#@# ,
#..# ## ,##.###.##.[÷}$yy#*,
#..# # ##.#.#.#[#)[†#y# ,
,#..# # ##.##...##.##y.. #..#
##
*#####.#.....#.########..####.
##..###..##...)).....##.. ##.
.##..#.).......... , ###
###.....##....÷.... , , ,
.....####....)....


You could see 6 killer bees.

Vanquished Creatures
  3 hydras
  A centaur warrior (D:12)
  4 two-headed ogres
  A death knight (D:11)
  A tengu warrior (D:13)
  Sonja (D:11)
  A skeletal warrior (D:11)
  2 unseen horrors
  A deep elf mage (D:13)
  A wolf spider (D:13)
  6 ugly things
  A black mamba (shapeshifter) (D:13)
  An efreet (D:13)
  A kobold demonologist (D:13)
  A freezing wraith (D:11)
  A komodo dragon (D:10)
  A yaktaur (D:13)
  3 trolls
  3 hippogriffs
  2 dream sheep (D:8)
  Sigmund (D:3)
  A wraith (D:11)
  7 yaks
  2 wyverns
  3 hungry ghosts
  A steam dragon (D:13)
  A basilisk (D:13)
  10 vampire mosquitoes (D:12)
  A naga (shapeshifter) (D:13)
  A water moccasin (D:6)
  2 porcupines (D:11)
  3 black bears
  11 orc warriors
  3 sky beasts
  3 ice beasts
  2 phantoms
  An eye of draining (D:9)
  6 ogres
  8 centaurs
  A crocodile (D:11)
  4 big kobolds
  15 bullfrogs
  A gnoll sergeant (D:7)
  A scorpion (D:5)
  2 wyvern skeletons
  6 killer bees (D:9)
  A wight (D:10)
  5 howler monkeys
  5 crimson imps
  2 hounds
  2 quasits
  3 jellies
  8 orc priests
  9 orc wizards
  3 bullfrog skeletons
  3 centaur skeletons
  2 iguanas
  9 worker ants
  4 gnolls (D:7)
  13 adders
  2 river rats (D:4)
  3 shadow imps
  14 oozes (Sewer)
  3 adder zombies
  2 adder skeletons
  2 worms (D:4)
  A dart slug (D:1)
  17 leopard geckos
  46 orcs
  3 bats
  19 giant cockroaches
  2 goblins (D:1)
  8 hobgoblins
  5 jackals
  9 quokkas
  11 ball pythons
  11 frilled lizards
  A jackal skeleton (D:5)
  14 kobolds
  2 leopard gecko skeletons (D:8)
  A quokka skeleton (D:8)
  12 rats
  A fungus (D:11)
  2 plants (D:11)
393 creatures vanquished.

Vanquished Creatures (collateral kills)
  Nergalle (D:10)
  A troll (D:10)
  A necrophage (D:10)
  2 wights (D:10)
  A crimson imp (D:10)
  An adder (D:10)
  An orc (D:10)
8 creatures vanquished.

Vanquished Creatures (others)
  A fungus (D:11)
1 creature vanquished.

Grand Total: 402 creatures vanquished

Notes
Turn   | Place    | Note
-------+----------+-------------------------------------------
     0 | D:1      | EnegeticOcto the Deep Dwarf Fighter began the quest for the
                  | Orb.
     0 | D:1      | Reached XP level 1. HP: 20/20 MP: 1/1
   130 | D:1      | Reached XP level 2. HP: 27/27 MP: 2/2
   550 | D:1      | Reached XP level 3. HP: 31/34 MP: 3/3
   610 | D:3      | Noticed Sigmund
   642 | D:3      | Killed Sigmund
   642 | D:3      | Reached XP level 4. HP: 17/44 MP: 3/3
   642 | D:3      | Reached XP level 5. HP: 19/50 MP: 4/4
   702 | D:4      | Found a staircase to the Ecumenical Temple.
   724 | D:4      | Reached XP level 6. HP: 29/57 MP: 5/5
   751 | Temple   | Entered the Ecumenical Temple
   769 | Temple   | Became a worshipper of Makhleb the Destroyer
   903 | D:4      | Found a glowing drain.
   911 | Sewer    | Entered a sewer
   956 | Sewer    | Reached skill level 1 in Invocations
  1019 | Sewer    | Reached * piety under Makhleb
  1240 | Sewer    | Reached ** piety under Makhleb
  1277 | Sewer    | Reached skill level 5 in Axes
  1277 | Sewer    | Reached skill level 2 in Invocations
  1277 | Sewer    | Reached XP level 7. HP: 43/66 MP: 7/7
  1787 | D:5      | Entered Level 5 of the Dungeon
  1809 | D:5      | Reached skill level 3 in Invocations
  1825 | D:5      | Reached skill level 5 in Fighting
  1962 | D:5      | Reached skill level 5 in Shields
  2000 | D:5      | Found a sparkling altar of Nemelex Xobeh.
  2050 | D:5      | Reached skill level 5 in Armour
  2050 | D:5      | Reached skill level 4 in Invocations
  2050 | D:5      | Reached XP level 8. HP: 67/74 MP: 8/10
  2334 | D:5      | Found a blossoming altar of Fedhas.
  2563 | D:6      | Reached *** piety under Makhleb
  2743 | D:6      | Reached skill level 5 in Invocations
  3016 | D:6      | Found an opulent altar of Gozag.
  3301 | D:6      | Reached skill level 6 in Invocations
  3376 | D:6      | Found a runed translucent door.
  3381 | D:6      | Noticed Flugslaktarn's ghost (novice DDFi)
  3515 | D:7      | Gained mutation: You passively map the area around you.
                  | [Deep Dwarf growth]
  3515 | D:7      | Reached XP level 9. HP: 47/82 MP: 9/9
  3743 | D:7      | Reached **** piety under Makhleb
  4019 | D:8      | Found a transporter.
  4020 | D:8      | Found a sparkling altar of Nemelex Xobeh.
  4038 | D:8      | Reached skill level 7 in Invocations
  4155 | D:8      | Found a transporter.
  4358 | D:8      | Reached skill level 8 in Invocations
  4549 | D:8      | Found a shimmering blue altar of Sif Muna.
  4549 | D:8      | Found an opulent altar of Gozag.
  4580 | D:9      | Reached XP level 10. HP: 89/94 MP: 11/11
  4695 | D:9      | Found a basalt altar of Yredelemnul.
  4714 | D:9      | Noticed a two-headed ogre
  4727 | D:9      | Killed a two-headed ogre
  4730 | D:9      | Reached skill level 9 in Invocations
  4897 | D:9      | Found an ancient bone altar of Kikubaaqudgha.
  5730 | D:10     | Entered Level 10 of the Dungeon
  5792 | D:10     | Noticed a four-headed hydra
  5815 | D:10     | Killed a ten-headed hydra
  5819 | D:10     | Reached skill level 10 in Invocations
  5884 | D:10     | Found an ornate altar of the Wu Jian Council.
  5896 | D:10     | Noticed Nergalle
  5908 | D:10     | Noticed a spectral orc warlord
  5915 | D:10     | Killed Nergalle
  5915 | D:10     | Reached ***** piety under Makhleb
  6009 | D:10     | Reached XP level 11. HP: 53/104 MP: 13/13
  6115 | D:10     | Reached skill level 10 in Axes
  6707 | D:11     | Noticed a two-headed ogre
  6722 | D:11     | Killed a two-headed ogre
  6762 | D:11     | Noticed Sonja
  6769 | D:11     | Killed Sonja
  6989 | D:11     | Reached skill level 11 in Invocations
  7259 | D:11     | Noticed a death knight
  7259 | D:11     | Noticed a skeletal warrior
  7298 | D:11     | Killed a death knight
  7309 | D:11     | Killed a skeletal warrior
  7343 | D:11     | Noticed a two-headed ogre
  7347 | D:11     | Killed a two-headed ogre
  7380 | D:11     | Found a staircase to the Lair.
  7605 | D:12     | Noticed a red ugly thing
  7630 | D:12     | Killed a red ugly thing
  7701 | D:12     | Reached XP level 12. HP: 107/116 MP: 10/10
  7840 | D:12     | Reached skill level 12 in Invocations
  7855 | D:12     | Noticed a centaur warrior
  7892 | D:12     | Killed a centaur warrior
  7909 | D:12     | Found the +11 plutonium sword {*Contam Stlth-}
  8109 | D:12     | Found a staircase to the Orcish Mines.
  8155 | D:12     | Reached skill level 10 in Fighting
  8762 | D:13     | Reached ****** piety under Makhleb
  8874 | D:13     | Noticed a two-headed ogre
  8874 | D:13     | Noticed a seven-headed hydra
  8882 | D:13     | Killed a two-headed ogre
  8887 | D:13     | Killed a 13-headed hydra
  8888 | D:13     | Reached skill level 13 in Invocations
  8895 | D:13     | Noticed a five-headed hydra
  8926 | D:13     | Killed an 11-headed hydra
  8957 | D:13     | Noticed a tengu warrior
  9049 | D:13     | Killed a tengu warrior
  9093 | D:13     | HP: 5/118 [killer bee (5)]
  9094 | D:13     | Succumbed to a killer bee's poison

Levels and vault maps discovered:
D:1:      sevenhm_arrival_forest_fort_small_4, layout_basic,
          minmay_three_crescents
D:2:      layout_loops_ring, tgw_xom, tso_altar, minmay_ruptured
D:3:      layout_basic, nicolae_overflow_crystal_walls, uniq_sigmund
D:4:      layout_rooms, minmay_temple_entry_glass, first_ration,
          lightli_sewer_entry_pipes
D:5:      layout_rooms, nemelex_altar_shiori, kennysheep_mini_moat
D:6:      layout_basic, gammafunk_ghost_grave,
          nicolae_gozag_cash_rules_everything_around_me
D:7:      layout_basic
D:8:      gammafunk_steamed_eel, layout_rooms, gammafunk_temple_overflow_wave,
          basic_altar, hangedman_ranch [blue_anna_fruit_fields]
D:9:      layout_grid_maze, lemuel_crystal_altar, yredelemnul_altar_generic
D:10:     layout_basic, basic_altar, grunt_ministairs_1, uniq_nergalle
D:11:     layout_stronghold, grunt_lair_entry_orc_guard_hut, uniq_sonja
D:12:     minmay_wavy_crystal, layout_irregular_city, david_orc_2
D:13:     minmay_the_grid_octo_tiled_squarecenter [minmay_the_grid_octo_77,
          minmay_the_grid_octo_focus, minmay_the_grid_octo_pinwheel,
          minmay_the_grid_octo_clover_2,
          minmay_the_grid_square_5x5_megaprize_crossed,
          minmay_the_grid_square_5x5_checkered_statues,
          minmay_the_grid_square_5x5_minimal, minmay_the_grid_square_5x5_c,
          minmay_the_grid_square_5x5_z], layout_rooms, serial_shops,
          nicolae_shop_waterfront, dk_noncrumbling_4, minmay_ruined_shrine
Temple:   nicolae_temple_god_jail

Skill      XL: |  1  2  3  4  5  6  7  8  9 10 11 12 |
---------------+-------------------------------------+-----
Fighting       | 3 4 5 6 7 8 9 10 | 10.8
Axes           | 4 5 7 8 9 11 12 | 12.3
Armour         | 4 5 6 7 8 9 |  9.3
Shields        | 4 5 6 7 8 9 |  9.3
Invocations    | 2 4 6 8 10 11 13 | 13.4

Action                   |  1- 3 |  4- 6 |  7- 9 | 10-12 || total
-------------------------+-------+-------+-------+-------++-------
Melee: War axe           |    95 |   290 |   640 |   919 ||  1944
Invok: Lesser Servant of |       |       |       |     2 ||     2
 Abil: Heal Wounds       |     1 |     4 |    10 |    43 ||    58
Evoke: Wand              |       |       |       |    12 ||    12
       Lightning rod     |       |       |       |     4 ||     4
       Lamp of fire      |       |       |       |     1 ||     1
  Use: Scroll            |       |     4 |     8 |     5 ||    17
       Potion            |       |       |     1 |       ||     1
  Eat: Chunk             |       |     3 |    12 |    12 ||    27
       Ration            |       |       |       |     9 ||     9
Armor: Scale mail        |    55 |   149 |   143 |       ||   347
       Plate armour      |       |       |   229 |   773 ||  1002
Dodge: Dodged            |    46 |   104 |   164 |   205 ||   519
Block: Kite shield       |    56 |   205 |   371 |   732 ||  1364

Table legend:
 A = Non-vault XP
 B = Vault XP
 C = Vault XP percentage of total XP
 D = Non-vault monster count
 E = Vault monster count
 F = Vault count percentage of total count
                 A         B        C        D         E       F
            +---------+---------+-------+---------+---------+-------
      Total |   21933 |   16022 |  42.2 |     267 |     131 |  32.9
            +---------+---------+-------+---------+---------+-------
        D:1 |      39 |       8 |  17.0 |      21 |       6 |  22.2
        D:2 |       6 |       0 |   0.0 |       4 |       0 |   0.0
        D:3 |       6 |     227 |  97.4 |       3 |       1 |  25.0
        D:4 |     201 |      57 |  22.1 |      22 |      11 |  33.3
        D:5 |     593 |       0 |   0.0 |      23 |       0 |   0.0
        D:6 |    1211 |       0 |   0.0 |      27 |       0 |   0.0
        D:7 |     607 |       0 |   0.0 |      20 |       0 |   0.0
        D:8 |    1048 |    1123 |  51.7 |      24 |       6 |  20.0
        D:9 |    2254 |       0 |   0.0 |      18 |       0 |   0.0
       D:10 |    3801 |    1038 |  21.5 |      38 |       3 |   7.3
       D:11 |    6298 |    1422 |  18.4 |      31 |       6 |  16.2
       D:12 |    4053 |    1673 |  29.2 |      25 |      11 |  30.6
       D:13 |    1816 |   10073 |  84.7 |      11 |      26 |  70.3
      Sewer |       0 |     401 | 100.0 |       0 |      61 | 100.0
            +---------+---------+-------+---------+---------+-------
